 Dungeon Crawl Stone Soup version 0.29-a0-1009-g60c99734e7 (webtiles) character file.

Game seed: 1760895971309747334

2 flotson the Sneak (level 1, 0/18 HPs)
             Began as a Demonspawn Delver on Aug 8, 2022.
             Killed from afar by an orc wizard (7 damage)
             ... with a magic dart
             ... on level 5 of the Dungeon.
             The game lasted 00:00:49 (107 turns).

flotson the Sneak (Demonspawn Delver)                Turns: 107, Time: 00:00:50

Health: 0/18       AC:  3    Str: 12    XL:     1   Next: 33%
Magic:  1/1        EV: 11    Int: 11    God:
Gold:   0          SH:  0    Dex: 14    Spells: 0/0 levels left

rFire   . . .      SeeInvis .   a - +0 spear
rCold   . . .      Faith    .   (no shield)
rNeg    . . .      Spirit   .   b - +0 leather armour
rPois   .          Reflect  .   (no helmet)
rElec   .          Harm     .   (no cloak)
rCorr   .          Rampage  .   (no gloves)
Will    .....                   (no boots)
Stlth   ++........              (no amulet)
HPRegen 0.06/turn               (no ring)
MPRegen 0.07/turn               (no ring)

@: hasted, very quick
A: no striking features
a: no special abilities


You were on level 5 of the Dungeon.
You visited 1 branch of the dungeon, and saw 2 of its levels.

Inventory:

Hand Weapons
 a - a +0 spear (weapon)
Armour
 b - a +0 leather armour (worn)
Wands
 g - a wand of digging (3)
Scrolls
 c - a scroll of fog


   Skills:
 + Level 3.0 Fighting
 + Level 0.1(1.0) Axes
 - Level 1.7 Polearms
 + Level 0.1 Armour
 + Level 1.8 Dodging
 - Level 4.5 Stealth
 + Level 0.1 Evocations


You couldn't memorise any spells.
You didn't know any spells.
Your spell library was empty.

Dungeon Overview and Level Annotations

Branches:
Dungeon (5/15)
 Temple: D:4-7

Altars:


Message History

The helpless goblin fails to defend itself.
You hit the goblin.
You kill the goblin!
No target in view!
An orc comes into view. It is wielding a +0 club.
An orc comes into view.
It is wielding a +0 club and wearing a +0 leather armour of fire resistance.
The orc shouts!
You hear a shout!
An orc priest comes into view. It is wielding a +0 club.
The orc shouts!
You hear a shout!
A kobold comes into view. It is wielding a +0 whip.
The orc priest mumbles some strange prayers to Beogh against you.
Beogh smites you!
Ouch! That really hurt!
* * * LOW HITPOINT WARNING * * *
You hear a shout!
There is a stone staircase leading down here.
You climb downwards.
There is a stone staircase leading up here.
You start resting.
You hear a slurping noise.
The jelly eats the door!
A jelly comes into view.
The jelly quivers.
Okay, then.
Unknown command.
You feel yourself speed up.
There is an open door here.
You close the door.
Reach: a) +0 spear
Press: ? - help, Dir - move target, f - orc wizard
Aim: an orc wizard, wielding a +0 dagger and wearing a +0 robe (about 45% to evade your +0 spear)
You reach to attack!
You hit the orc wizard.
The orc wizard is moderately wounded.
You hear a slurping noise.
The jelly eats the door!
You closely miss the orc wizard.
The orc wizard is moderately wounded.
The orc wizard points at you and mumbles some strange words.
The magic dart hits you!
You die...

,.......##+###....####+#####+#*,,
,,......#....#....#...........,,,
#*#.....##...#....#...........,,,
..#.....##...#....#.........o.,,,
...<....+....#....#...........,,,
..#.....#.>..#....#...)......{,,,
....#...####.#....#'##+####..#*,*
#####...####.##...........#,,**,*
#..........J.@o........#,,,,,,
#..........#...........+,,,,,,
##..##.###.#...........#,,,*,,
#####.#*###############,,,***
#..,* *,,>,,* #...* *,,,,,* #####
*******


You could see a jelly and an orc wizard.

Vanquished Creatures
  An orc (D:5)
  A goblin (D:4)
2 creatures vanquished.

Notes
Turn   | Place    | Note
-------+----------+-------------------------------------------
     0 | D:5      | flotson the Demonspawn Delver began the quest for the Orb.
     0 | D:5      | Reached XP level 1. HP: 18/18 MP: 1/1
    16 | D:5      | Noticed an orc wizard
    19 | D:5      | Noticed an orc wizard
    60 | D:4      | Noticed an orc priest
    90 | D:5      | Noticed a jelly
   107 | D:5      | Killed from afar by an orc wizard

Illustrated notes

Levels and vault maps discovered:
D:4:      layout_layer_cave, minmay_temple_entry_mist, uniq_pikel
D:5:      layout_gridville, hellmonk_ghost_happy_afterlife,
          uniq_crazy_yiuf_cottage

Action                   || total
-------------------------++-------
Melee: Spear             ||     5
  Use: Scroll            ||     2
       Potion            ||     1
 Stab: Sleeping          ||     1

Table legend: (Time is in decaauts)
 A = Elapsed time spent in this place.
 B = Non-inter-level travel time spent in this place.
 C = Inter-level travel time spent in this place.
 D = Time resting spent in this place.
 E = Time spent auto-exploring this place.
 F = Levels seen in this place.
 G = Mean time per level.
                   A        B        C        D        E       F      G
               +--------+--------+--------+--------+--------+-----+--------+
         Total |    103 |    103 |      0 |     14 |     27 |   2 |   51.5 |
       Dungeon |    103 |    103 |      0 |     14 |     27 |   2 |   51.5 |
               +--------+--------+--------+--------+--------+-----+--------+

Top non-repeatable levels by time:
     D:5: 70 daAuts
     D:4: 32 daAuts
